 Dungeon Crawl Stone Soup version 0.28-a0-1084-ga282ea246d (webtiles) character file.

Game seed: 299377665577866612

4952 GenialerGandalf the Cleaver (level 10, 0/88 HPs)
             Began as a Hill Orc Fighter on Dec 9, 2021.
             Was an Elder of Beogh.
             Killed from afar by Maggie (16 damage)
             ... with a bolt of fire
             ... on level 9 of the Dungeon on Dec 10, 2021.
             The game lasted 00:46:36 (10487 turns).

GenialerGandalf the Cleaver (Hill Orc Fighter)     Turns: 10487, Time: 00:46:37

Health: 0/88       AC: 15    Str: 24    XL:     10   Next: 53%
Magic:  10/10      EV: 11    Int:  8    God:    Beogh [****..]
Gold:   497        SH: 11    Dex: 10    Spells: 9/9 levels left

rFire   . . .      SeeInvis .   a - +0 war axe
rCold   . . .      Faith    .   c - +0 buckler
rNeg    . . .      Spirit   .   e - +0 plate armour
rPois   .          Reflect  +   y - +0 helmet
rElec   .          Harm     .   (no cloak)
rCorr   +          Rampage  .   m - +0 pair of gloves
Will    .....                   (no boots)
Stlth   ..........              n - amulet of reflection
HPRegen 0.24/turn               g - +4 ring of evasion
MPRegen 0.12/turn               p - ring of resist corrosion

@: no status effects
A: no striking features
a: Renounce Religion, Smiting, Recall Orcish Followers


You were on level 9 of the Dungeon.
You worshipped Beogh.
Beogh was greatly pleased with you.
You visited 2 branches of the dungeon, and saw 10 of its levels.

You collected 497 gold pieces.

Inventory:

Hand Weapons
 a - a +0 war axe (weapon)
 i - a +1 hand axe of electrocution
 t - a +4 hand axe
Missiles
 f - a throwing net (quivered)
Armour
 b - a +0 scale mail
 c - a +0 buckler (worn)
 e - a +0 plate armour (worn)
 m - a +0 pair of gloves (worn)
 y - a +0 helmet (worn)
Magical Staves
 w - a staff of fire
 D - a staff of fire
Jewellery
 g - a +4 ring of evasion (left hand)
 n - an amulet of reflection (around neck)
 p - a ring of resist corrosion (right hand)
 r - an amulet of reflection
 u - a ring of fire
 C - a ring of positive energy
 F - a ring of wizardry
 H - a +6 ring of dexterity
 J - a ring of flight
 M - an amulet of faith
Wands
 E - a wand of flame (5)
Scrolls
 d - a scroll of vulnerability
 j - a scroll of teleportation
 o - 3 scrolls of immolation
 I - a scroll of blinking
Potions
 h - a potion of invisibility
 k - 2 potions of attraction
 l - 5 potions of curing
 q - a potion of heal wounds {unknown}
 s - 2 potions of lignification
 v - a potion of ambrosia {unknown}
 x - a potion of berserk rage {unknown}
 z - 2 potions of haste
 A - 2 potions of mutation {unknown}
 B - a potion of magic {unknown}
 G - a potion of brilliance {unknown}
 K - a potion of degeneration {unknown}
 L - 2 potions of flight {unknown}


   Skills:
 + Level 8.0 Fighting
 * Level 13.4 Axes
 + Level 7.2 Armour
 - Level 0.7 Dodging
 + Level 0.4 Stealth
 * Level 8.7 Shields


You had 9 spell levels left.
You didn't know any spells.
Your spell library contained the following spells:

 Spells                   Type           Power      Damage    Failure   Level
 Sandblast                Erth           0%         2d4       99%         1
 Passwall                 Tmut/Erth      0%         N/A       100%        2
 Stone Arrow              Conj/Erth      0%         3d7       100%        3
 Summon Ice Beast         Ice/Summ       0%         N/A       100%        4
 Summon Mana Viper        Hex/Summ       0%         N/A       100%        5
 Monstrous Menagerie      Summ           0%         N/A       100%        7


Dungeon Overview and Level Annotations

Branches:
Dungeon (9/15)             Temple (1/1) D:6
   Lair: D:8-11         Orc: D:9-12

Altars:
Ashenzari
Cheibriados
Dithmenos
Elyvilon
Fedhas
Gozag
Hepliaklqana
Kikubaaqudgha
Makhleb
Nemelex Xobeh
Okawaru
Qazlal
Ru
Sif Muna
Trog
Uskayaw
Vehumet
Wu Jian
Xom
Yredelemnul
Zin
The Shining One

Annotations:
D:9 Maggie


Message History

The kobold is moderately wounded.
You block the kobold's attack.
The kobold throws a stone.
You reflect the stone off an invisible shield around you!
The stone hits the kobold.
You hit the kobold.
You kill the kobold!
Beogh accepts your kill.
You closely miss something. You closely miss the kobold. You hit the kobold.
Something hits you but does no damage.
You slash something! You hit the kobold.
You kill the kobold!
Beogh accepts your kill.
You barely miss the kobold. The kobold misses you.
You hear some strange, mumbled words.
You hit something but do no damage. You miss the kobold.
The kobold hits you with a +0 short sword.
* * * LOW HITPOINT WARNING * * *
You block something's attack.
You hit something. You hit the kobold but do no damage.
The kobold hits you but does no damage.
You hear some strange, mumbled words.
You hit something. You closely miss the kobold. The kobold closely misses you.
You closely miss something. You barely miss the kobold. Something hits you!
* * * LOW HITPOINT WARNING * * *
Something burns you.
* * * LOW HITPOINT WARNING * * *
You miss something. You hit the kobold but do no damage.
You block the kobold's attack. Something hits you but does no damage.
You closely miss something. You slash the kobold!
You kill the kobold!
Beogh accepts your kill. Something hits you.
* * * LOW HITPOINT WARNING * * *
Something burns you.
* * * LOW HITPOINT WARNING * * *
You feel better.
You hear some strange, mumbled words.
A bolt of fire appears from out of thin air!
The bolt of fire misses you. The bolt of fire hits you!
You die...

#####....#...#### .
............(.## ..
...............#
....####..............##
.......###..............
...$...#..............#
#.# #.......#.#.......
##..##))....####.......
#.#....{@)#..............
..........##...).#..#...#
...........#..(.....#...#
..............###.### ###
##...##....#### ###
##..#.....# .....#....#
..........## . .$.......


There were no monsters in sight!

Vanquished Creatures
  Pikel (D:4)
  Sigmund (D:5)
  A shadow (D:9)
  2 yaks (D:9)
  Eustachio (D:5)
  A water moccasin (D:7)
  An acid dragon (D:9)
  2 orc warriors
  An ice beast (D:5)
  A sky beast (D:6)
  4 black bears
  3 necrophages
  2 ogres
  4 centaurs
  2 kobold brigands
  2 lemures
  A gnoll sergeant (D:7)
  3 bullfrogs
  A water moccasin zombie (D:3)
  8 scorpions
  4 killer bees (D:9)
  4 wights (D:8)
  2 howler monkeys
  A centaur zombie (D:3)
  4 orc priests
  A bullfrog skeleton (D:5)
  2 centaur skeletons (D:7)
  3 hounds
  A jelly (D:5)
  An orc wizard (D:7)
  An iguana (D:3)
  A howler monkey zombie (D:8)
  13 adders
  7 gnolls
  A shadow imp (D:6)
  A white imp (D:8)
  An adder skeleton (D:4)
  2 worms
  A dart slug (D:1)
  13 orcs
  4 ball pythons
  7 bats
  4 endoplasms
  4 giant cockroaches
  2 goblins
  4 hobgoblins
  3 jackals (D:4)
  6 quokkas
  5 frilled lizards
  A goblin skeleton (D:8)
  A goblin zombie (D:8)
  2 hobgoblin zombies (D:8)
  16 kobolds
  A kobold skeleton (D:8)
  An orc skeleton (D:8)
  5 rats
  17 bushes (D:5)
189 creatures vanquished.

Vanquished Creatures (collateral kills)
  A killer bee (D:9)
  A shadow imp (D:8)
  An orc (D:8)
  2 kobolds (D:8)
  3 bats (D:8)
  A goblin zombie (D:8)
  A kobold zombie (D:8)
  An orc skeleton (D:8)
  An orc zombie (D:8)
12 creatures vanquished.

Vanquished Creatures (others)
  2 orc wizards (D:9)
  5 orcs
  A butterfly (D:6)
  24 fungi
  24 plants
56 creatures vanquished.

Grand Total: 257 creatures vanquished

Notes
Turn   | Place    | Note
-------+----------+-------------------------------------------
     0 | D:1      | GenialerGandalf the Hill Orc Fighter began the quest for
                  | the Orb.
     0 | D:1      | Reached XP level 1. HP: 19/19 MP: 1/1
   143 | D:2      | Found a bloodstained altar of Trog.
   249 | D:3      | Noticed an iguana
   256 | D:3      | Killed an iguana
   257 | D:3      | Reached skill level 3 in Axes
   257 | D:3      | Reached XP level 2. HP: 10/27 MP: 2/2
   257 | D:3      | Reached XP level 3. HP: 12/33 MP: 3/3
   448 | D:3      | Noticed an ogre
   624 | D:4      | Found a basalt altar of Yredelemnul.
   755 | D:5      | Entered Level 5 of the Dungeon
   758 | D:5      | Noticed Sigmund
   838 | D:5      | Noticed Eustachio
   850 | D:5      | Found an opulent altar of Gozag.
   850 | D:5      | Noticed a scorpion
   865 | D:5      | Noticed an ice beast
   871 | D:5      | Killed a scorpion
   872 | D:5      | Reached skill level 4 in Axes
   872 | D:5      | Reached XP level 4. HP: 26/41 MP: 4/4
   874 | D:5      | Reached XP level 5. HP: 22/47 MP: 5/5
   874 | D:5      | Killed an ice beast
   875 | D:5      | Reached skill level 5 in Axes
   875 | D:5      | Reached XP level 6. HP: 25/55 MP: 6/6
   895 | D:5      | Killed Eustachio
   896 | D:5      | Reached skill level 5 in Fighting
   896 | D:5      | Reached skill level 6 in Axes
  1263 | D:6      | Found a staircase to the Ecumenical Temple.
  1276 | Temple   | Entered the Ecumenical Temple
  1533 | D:6      | Became a worshipper of Beogh the Brigand
  1645 | D:5      | Reached XP level 7. HP: 46/61 MP: 7/7
  1797 | D:5      | Reached skill level 5 in Shields
  1798 | D:5      | Reached skill level 7 in Axes
  2002 | D:6      | Reached skill level 5 in Armour
  2094 | D:6      | Reached XP level 8. HP: 48/69 MP: 8/8
  2202 | D:5      | Noticed Pikel
  2727 | D:2      | Reached * piety under Beogh
  2740 | D:2      | Reached skill level 8 in Axes
  3468 | D:2      | Found a faded altar of an unknown god.
  3901 | D:3      | Found an ornate altar of the Wu Jian Council.
  3996 | D:3      | Reached ** piety under Beogh
  4497 | D:4      | Reached skill level 9 in Axes
  5114 | D:4      | Killed Pikel
  5115 | D:4      | Reached skill level 10 in Axes
  5115 | D:4      | Reached XP level 9. HP: 13/78 MP: 9/9
  5760 | D:5      | Killed Sigmund
  5761 | D:5      | Reached skill level 11 in Axes
  5943 | D:5      | Found a blossoming altar of Fedhas.
  6901 | D:6      | Found a broken altar of Ashenzari.
  7067 | D:6      | Upgraded the game from 0.28-a0-1074-g3cb2360906 to
                  | 0.28-a0-1084-ga282ea246d
  7354 | D:7      | Reached skill level 12 in Axes
  7656 | D:7      | Reached XP level 10. HP: 86/86 MP: 10/10
  7741 | D:7      | Found a sacrificial altar of Ru.
  8311 | D:8      | Reached *** piety under Beogh
  8452 | D:8      | Found a hazy altar of Hepliaklqana.
  8553 | D:8      | Found a shimmering blue altar of Sif Muna.
  8890 | D:8      | Found a glowing golden altar of the Shining One.
  9041 | D:8      | Found a burning altar of Makhleb.
  9088 | D:8      | Found a sparkling altar of Nemelex Xobeh.
  9215 | D:8      | Found a hide-covered altar of Uskayaw.
  9227 | D:8      | Noticed a +4 hand axe
  9227 | D:8      | Noticed a +0 hand axe
  9986 | D:8      | Reached skill level 13 in Axes
 10119 | D:9      | Gained Marbork as an ally
 10400 | D:9      | Identified the +5 ring mail of the Valley of Death {Harm
                  | rF- Str+4}
 10468 | D:9      | Noticed Maggie
 10474 | D:9      | Reached **** piety under Beogh
 10487 | D:9      | Killed from afar by Maggie

Illustrated notes

Levels and vault maps discovered:
D:1:      wander_arrival_fairy_ring, layout_basic, due_unseen_surprise
D:2:      layout_rooms, basic_altar, basic_ecumenical_altar
D:3:      layout_loops_ring, nzn_wu_jian_contemplation, st_stairs_9
D:4:      layout_basic, amcnicky_altar_gilded
D:5:      layout_basic, fedhas_bush_and_centaur_altar, old_standard_altar,
          uniq_pikel, uniq_eustachio, uniq_sigmund
D:6:      layout_basic, kennysheep_mini, minmay_temple_entry_butterflies,
          nicolae_elevator_lobby_asterisk
D:7:      layout_cave_pools, nicolae_ru_the_path_less_chosen, feat_on_display
D:8:      old_forge, layout_basic, nicolae_tso_besieged_by_evil, led_sif_pool,
          mainiacjoe_overflow_alcove_4, nemelex_altar_shiori,
          dancing_weapons_uskayaw, bloody_makhleb
D:9:      layout_cave_pools, uniq_maggie
Temple:   dpeg_chambers_temple

Skill      XL: |  1  2  3  4  5  6  7  8  9 10 |
---------------+-------------------------------+-----
Fighting       | 4 5 6 7 8 |  8.0
Axes           | 3 4 5 6 7 10 12 13 | 13.4
Shields        | 4 5 6 7 8 |  8.7
Armour         | 4 5 6 7 |  7.2
Dodging        | |  0.7
Stealth        | |  0.4

Action                   |  1- 3 |  4- 6 |  7- 9 | 10-12 || total
-------------------------+-------+-------+-------+-------++-------
Melee: War axe           |    86 |    59 |   604 |   176 ||   925
Invok: Convert to Beogh  |       |     1 |       |       ||     1
Evoke: Wand              |       |       |       |     1 ||     1
  Use: Potion            |     1 |       |       |     1 ||     2
       Scroll            |       |       |    12 |     1 ||    13
Armor: Scale mail        |    18 |       |       |       ||    18
       Plate armour      |     4 |    77 |   269 |    61 ||   411
Dodge: Dodged            |    33 |    59 |   244 |    66 ||   402
Block: Buckler           |    11 |    33 |   223 |    86 ||   353
       Reflection        |       |       |     5 |     4 ||     9

Table legend: (Time is in decaauts)
 A = Elapsed time spent in this place.
 B = Non-inter-level travel time spent in this place.
 C = Inter-level travel time spent in this place.
 D = Time resting spent in this place.
 E = Time spent auto-exploring this place.
 F = Levels seen in this place.
 G = Mean time per level.
                   A        B        C        D        E       F      G
               +--------+--------+--------+--------+--------+-----+--------+
         Total |  10507 |  10273 |    234 |   2691 |   2067 |  10 | 1050.7 |
       Dungeon |  10280 |  10071 |    209 |   2691 |   1893 |   9 | 1142.2 |
        Temple |    226 |    201 |     25 |      0 |    174 |   1 |  226.0 |
               +--------+--------+--------+--------+--------+-----+--------+

Top non-repeatable levels by time:
     D:8: 1844 daAuts
     D:5: 1583 daAuts
     D:4: 1543 daAuts
     D:3: 1397 daAuts
     D:6: 1254 daAuts
     D:7: 1000 daAuts
     D:1: 688 daAuts
     D:2: 600 daAuts
     D:9: 368 daAuts
  Temple: 226 daAuts
